Demolitions vs Sewer Rats
(R1)
Created - 23 novembre 2016 at 23:47
Goals
|
| Demolitions |
1 |
1 |
1 |
3 |
| Sewer Rats |
2 |
3 |
2 |
7 |
|
Shots
|
| Demolitions |
6 |
16 |
4 |
26 |
| Sewer Rats |
11 |
12 |
8 |
31 |
|
1st period
1. Demolitions , Matt D'Agostini 8 (Nigel Dawes, Corban Knight) at 9:14 (PP)
2. Sewer Rats , Ville Leino 7 (Vincent Trocheck) at 17:44
3. Sewer Rats , Daniel Carr 2 (Patrick Bordeleau) at 18:43
Penalties :
Ville Leino (Tol) for Slashing (Minor) at 5:52, Patrick Bordeleau (Tol) for Tripping (Minor) at 9:06
2nd period
4. Demolitions , Bobby Butler 10 (Ryan Vesce, Marek Zagrapan) at 5:02 (PP)
5. Sewer Rats , Jared Boll 7 (Vojtech Polak, Jonathan Marchessault) at 10:15 (PP)
6. Sewer Rats , Matt Lashoff 3 (Ville Leino, Vincent Trocheck) at 11:23 (PP)
7. Sewer Rats , Derek Dorsett 6 (Patrick Bordeleau) at 16:44
Penalties :
Vincent Trocheck (Tol) for Roughing (Minor) at 3:29, Cameron Schilling (Vic) for Tripping (Minor) at 8:59, Seth Helgeson (Vic) for Roughing (Minor) at 11:18, Vincent Trocheck (Tol) for Goalie Interference (Minor) at 14:35, Mattias Ekholm (Tol) for Tripping (Minor) at 19:16
3rd period
8. Demolitions , Nigel Dawes 8 (Matt D'Agostini, Corban Knight) at 0:35 (PP)
9. Sewer Rats , Ville Leino 8 (Mark Mancari, Steven Kampfer) at 11:25 (PP)
10. Sewer Rats , Jonathan Marchessault 4 (Kyle Quincey, Jarred Tinordi) at 15:19
Penalties :
Marek Zagrapan (Vic) for Tripping (Minor) at 0:36, Cameron Schilling (Vic) for Slashing (Minor) at 0:53, John Ramage (Tol) for Tripping (Minor) at 6:30, Seth Helgeson (Vic) for Roughing (Minor) at 11:14, Patrick Bordeleau (Tol) for Hooking (Minor) at 19:03
Goalie Stats
Brent Krahn (Vic), 13 saves from 17 shots - (0,765), L, 7-3-1, 31:23 minutes
Joe Cannata (Vic), 11 saves from 14 shots - (0,786), 28:37 minutes
Richard Bachman (Tol), 23 saves from 26 shots - (0,885), W, 7-2-0, 60:00 minutes
Players Stats for Demolitions
Player Name G A P +/- PIM S H SB GA TA FO MP PP MP PK MP
------------------------------------------------------------------------------------
Alex Hutchings 0 0 0 0 0 1 0 0 0 0 3/6 8:36 0:10 0:19
Andrew Campbell 0 0 0 -1 0 0 1 0 0 0 0/0 9:17 0:00 0:00
Billy Sweat 0 0 0 -1 0 3 0 0 0 0 2/2 12:58 0:00 0:52
Bobby Butler 1 0 1 -1 0 2 3 2 0 0 7/13 27:40 5:18 2:22
Cameron Schilling 0 0 0 -1 4 4 2 3 1 2 0/0 24:44 6:49 0:32
Corban Knight 0 2 2 -3 0 0 2 0 0 0 9/14 19:15 4:30 0:00
David Laliberté 0 0 0 -1 0 1 0 0 0 1 0/0 13:12 0:05 0:00
David Rundblad 0 0 0 -1 0 0 1 0 0 0 0/0 18:55 3:04 1:12
Doug Janik 0 0 0 -1 0 1 0 2 1 0 0/0 26:43 6:49 2:36
Josh Beaulieu 0 0 0 -1 0 1 0 0 0 0 0/0 5:47 0:00 0:00
Marek Zagrapan 0 1 1 0 2 2 0 0 0 0 18/31 20:50 5:18 0:01
Matt D'Agostini 1 1 2 -2 0 3 1 1 2 0 1/1 18:51 4:30 0:08
Nick Pryor 0 0 0 -1 0 0 0 0 0 0 0/0 5:05 0:00 0:00
Nigel Dawes 1 1 2 -2 0 3 3 0 0 0 0/1 23:33 4:30 2:04
Robert Bortuzzo 0 0 0 -1 0 0 3 0 0 0 0/0 10:57 0:00 1:34
Ryan Vesce 0 1 1 -1 0 5 0 0 1 1 0/0 23:41 5:18 0:08
Seth Helgeson 0 0 0 -1 4 0 1 2 0 0 0/0 18:42 3:04 1:07
Taylor Aronson 0 0 0 -1 0 0 0 0 0 0 0/0 5:39 0:00 0:34
Players Stats for Sewer Rats
Player Name G A P +/- PIM S H SB GA TA FO MP PP MP PK MP
------------------------------------------------------------------------------------
Daniel Carr 1 0 1 1 0 2 0 0 0 0 0/0 9:07 0:00 0:45
Derek Dorsett 1 0 1 1 0 4 0 0 0 0 0/0 11:01 0:00 0:00
Dmitrij Jaskin 0 0 0 1 0 0 0 0 0 0 0/0 8:04 0:00 0:00
Evan Brophey 0 0 0 1 0 2 1 0 0 0 1/1 8:04 0:00 0:00
Jared Boll 1 0 1 1 0 3 3 1 1 0 2/4 19:43 1:26 2:37
Jarred Tinordi 0 1 1 1 0 0 1 1 0 0 0/0 13:52 0:00 0:04
Joel Edmundson 0 0 0 1 0 0 0 0 0 0 0/0 4:49 0:00 0:00
John Lammers 0 0 0 0 0 0 0 0 0 0 0/0 0:00 0:00 0:00
John Ramage 0 0 0 2 2 0 0 0 0 0 0/0 8:38 0:00 0:00
Jonathan Marchessault 1 1 2 1 0 2 4 0 0 1 4/6 12:37 1:26 0:00
Josh Archibald 0 0 0 0 0 0 0 0 0 0 0/0 0:00 0:00 0:00
Kyle Quincey 0 1 1 1 0 1 1 1 0 0 0/0 19:43 1:40 3:42
Mark Mancari 0 1 1 1 0 3 1 1 0 0 0/2 20:00 2:19 6:25
Matt Lashoff 1 0 1 0 0 3 0 2 1 1 0/0 26:50 2:08 6:11
Mattias Ekholm 0 0 0 0 2 0 2 3 0 1 0/0 23:34 1:40 3:38
Nick Cousins 0 0 0 0 0 0 0 0 0 0 0/0 0:00 0:00 0:00
Patrick Bordeleau 0 2 2 1 4 0 1 0 0 0 0/0 10:59 0:00 0:00
Ryan Murphy 0 0 0 1 0 0 0 0 0 0 0/0 4:49 0:00 0:00
Steven Kampfer 0 1 1 2 0 1 3 1 0 0 0/0 17:44 2:08 6:11
Tom Sestito 0 0 0 0 0 0 0 0 0 0 0/0 0:07 0:04 0:00
Ville Leino 2 1 3 1 2 7 1 1 0 1 2/11 23:41 2:22 5:19
Vincent Trocheck 0 2 2 1 4 2 2 1 0 1 16/37 19:05 2:21 0:47
Vojtech Polak 0 1 1 1 0 0 3 0 2 0 0/0 15:15 1:26 2:37
William Karlsson 0 0 0 1 0 1 2 0 0 0 3/7 12:18 0:00 1:16
3 Stars
1 - Ville Leino (Tol)
2 - Jonathan Marchessault (Tol)
3 - Jared Boll (Tol)
Power Play
Demolitions - 3 on 7 Attempt(s) - 42,86%
Sewer Rats - 3 on 5 Attempt(s) - 60,00%
Penalty Kill
Demolitions - 2 on 5 Attempt(s) - 40,00%
- Score 0 goal in Penalty Kill
Sewer Rats - 4 on 7 Attempt(s) - 57,14%
- Score 0 goal in Penalty Kill
Team Stat
Demolitions - Hits : 17 - Faceoff Wins : 40 - Blocked Shots : 10 - Penalty Minutes : 10
Sewer Rats - Hits : 25 - Faceoff Wins : 28 - Blocked Shots : 12 - Penalty Minutes : 14
Official
Referees : Walkom Stephen and Banfield David
Linesman : Vaughan Rody and Tony Sericolo
Game Notes
5:02 of 2nd period - Demolitions goal is going for a video replay. After video review, Goal.
Joe Cannata enters game at 11:23 of 2nd period
Finance
Level 1 -- Attendance: 1549 (77,45%) -- Ticket Income 46 470 $
Level 2 -- Attendance: 806 (80,60%) -- Ticket Income 9 672 $
Total Attendance: 2355 (78,50%)
Total Ticket Income: 56 142 $
Other Income: 2 807 $
Total Income: 58 949 $
Demolitions
5 vs 5 Forward
Center Left Wing Right Wing Time % Phy DF OF
1 Marek Zagrapan Bobby Butler Ryan Vesce 40 1 2 2
2 Corban Knight Nigel Dawes Matt D'Agostini 30 1 2 2
3 Bobby Butler Billy Sweat David Laliberté 20 1 2 2
4 Nigel Dawes Josh Beaulieu Ryan Vesce 10 1 2 2
5 vs 5 Defense
Defense Defense Time % Phy DF OF
1 Doug Janik Cameron Schilling 40 1 2 2
2 Seth Helgeson David Rundblad 30 1 2 2
3 Andrew Campbell Robert Bortuzzo 20 1 2 2
4 Taylor Aronson Nick Pryor 10 1 2 2
PowerPlay Forward
Center Left Wing Right Wing Time % Phy DF OF
1 Marek Zagrapan Bobby Butler Ryan Vesce 60 1 2 2
2 Corban Knight Nigel Dawes Matt D'Agostini 40 1 2 2
PowerPlay Defense
Defense Defense Time % Phy DF OF
1 Doug Janik Cameron Schilling 60 1 2 2
2 Seth Helgeson David Rundblad 40 1 2 2
Penalty Kill 4 Players Forward
Center Wing Time % Phy DF OF
1 Bobby Butler Nigel Dawes 60 1 2 2
2 Ryan Vesce Matt D'Agostini 40 1 2 2
Penalty Kill 4 Players Defense
Defense Defense Time % Phy DF OF
1 Doug Janik Cameron Schilling 60 1 2 2
2 Seth Helgeson David Rundblad 40 1 2 2
Penalty Kill - 3 Players Forward
Forward Time % Phy DF OF
1 Bobby Butler 60 1 2 2
2 Nigel Dawes 40 1 2 2
Penalty Kill - 3 Players Defense
Defense Defense Time % Phy DF OF
1 Doug Janik Cameron Schilling 60 1 2 2
2 Seth Helgeson David Rundblad 40 1 2 2
4 vs 4 Forward
Center Wing Time % Phy DF OF
1 Bobby Butler Nigel Dawes 60 1 2 2
2 Ryan Vesce Matt D'Agostini 40 1 2 2
4 vs 4 Defense
Defense Defense Time % Phy DF OF
1 Doug Janik Cameron Schilling 60 1 2 2
2 Seth Helgeson David Rundblad 40 1 2 2
Last Minutes Offensive
Center Left Wing Right Wing Defense Defense
Marek Zagrapan Bobby Butler Ryan Vesce Doug Janik Cameron Schilling
Last Minutes Defensive
Center Left Wing Right Wing Defense Defense
Marek Zagrapan Bobby Butler Ryan Vesce Doug Janik Cameron Schilling
Goaltenders
Starting : Brent Krahn
Backup : Joe Cannata
Extra Forwards
Normal : Alex Hutchings, David Laliberté, Billy Sweat - PP : Alex Hutchings, David Laliberté - PK : Billy Sweat
Extra Defensemen
Normal : Andrew Campbell, Robert Bortuzzo, Taylor Aronson - PP : Andrew Campbell - PK : Robert Bortuzzo, Taylor Aronson
Penalty Shots
Bobby Butler, Nigel Dawes, Ryan Vesce, Matt D'Agostini, Marek Zagrapan
Sewer Rats
5 vs 5 Forward
Center Left Wing Right Wing Time % Phy DF OF
1 Vincent Trocheck Ville Leino Jared Boll 40 1 2 2
2 Jonathan Marchessault Vojtech Polak Mark Mancari 30 1 2 2
3 William Karlsson Patrick Bordeleau Derek Dorsett 20 1 2 2
4 Evan Brophey Daniel Carr Dmitrij Jaskin 10 1 2 2
5 vs 5 Defense
Defense Defense Time % Phy DF OF
1 Mattias Ekholm Matt Lashoff 40 1 2 2
2 Jarred Tinordi Kyle Quincey 30 1 2 2
3 Steven Kampfer John Ramage 20 1 2 2
4 Joel Edmundson Ryan Murphy 10 1 2 2
PowerPlay Forward
Center Left Wing Right Wing Time % Phy DF OF
1 Vincent Trocheck Ville Leino Mark Mancari 60 1 2 2
2 Jonathan Marchessault Vojtech Polak Jared Boll 40 1 2 2
PowerPlay Defense
Defense Defense Time % Phy DF OF
1 Steven Kampfer Matt Lashoff 60 1 2 2
2 Mattias Ekholm Kyle Quincey 40 1 2 2
Penalty Kill 4 Players Forward
Center Wing Time % Phy DF OF
1 Ville Leino Mark Mancari 60 1 2 2
2 Jared Boll Vojtech Polak 40 1 2 2
Penalty Kill 4 Players Defense
Defense Defense Time % Phy DF OF
1 Steven Kampfer Matt Lashoff 60 1 2 2
2 Mattias Ekholm Kyle Quincey 40 1 2 2
Penalty Kill - 3 Players Forward
Forward Time % Phy DF OF
1 Ville Leino 60 1 2 2
2 Mark Mancari 40 1 2 2
Penalty Kill - 3 Players Defense
Defense Defense Time % Phy DF OF
1 Steven Kampfer Matt Lashoff 60 1 2 2
2 Mattias Ekholm Kyle Quincey 40 1 2 2
4 vs 4 Forward
Center Wing Time % Phy DF OF
1 Ville Leino William Karlsson 60 1 2 2
2 Jared Boll Vojtech Polak 40 1 2 2
4 vs 4 Defense
Defense Defense Time % Phy DF OF
1 Steven Kampfer Matt Lashoff 60 1 2 2
2 Mattias Ekholm Kyle Quincey 40 1 2 2
Last Minutes Offensive
Center Left Wing Right Wing Defense Defense
Vincent Trocheck Ville Leino Mark Mancari Steven Kampfer Matt Lashoff
Last Minutes Defensive
Center Left Wing Right Wing Defense Defense
William Karlsson Ville Leino Jared Boll Mattias Ekholm Matt Lashoff
Goaltenders
Starting : Richard Bachman
Backup : Brad Thiessen
Extra Forwards
Normal : Tom Sestito, Daniel Carr, William Karlsson - PP : Tom Sestito, Daniel Carr - PK : William Karlsson
Extra Defensemen
Normal : Ryan Murphy, Steven Kampfer, Jarred Tinordi - PP : Ryan Murphy - PK : Steven Kampfer, Jarred Tinordi
Penalty Shots
Ville Leino, Mark Mancari, Jared Boll, Vojtech Polak, Derek Dorsett
% Time on Ice - Demolitions
Lines # - Real PCT - Wanted PCT - Time Play
Normal Forward
1 - 32% - 40% - 14:57
2 - 30% - 30% - 14:02
3 - 25% - 20% - 11:33
4 - 12% - 10% - 5:47
Normal Defense
1 - 38% - 40% - 17:24
2 - 31% - 30% - 14:33
3 - 20% - 20% - 9:17
4 - 11% - 10% - 5:05
PP Forward
1 - 54% - 60% - 5:23
2 - 46% - 40% - 4:30
PP Defense
1 - 69% - 60% - 6:49
2 - 31% - 40% - 3:04
PK Forward
1 - 94% - 60% - 1:58
2 - 6% - 40% - 0:08
PK Defense
1 - 75% - 60% - 1:35
2 - 25% - 40% - 0:31
PK3 Forward
1 - 75% - 60% - 1:16
2 - 25% - 40% - 0:26
PK3 Defense
1 - 65% - 60% - 1:06
2 - 35% - 40% - 0:36
44 Forward
1 - 0% - 60%
2 - 0% - 40%
44 Defense
1 - 0% - 60%
2 - 0% - 40%
Last Minute Offensive - 0:00
Last Minute Defensive - 0:00
Total
Forward - 60:00
Defense - 60:00
|
% Time on Ice - Sewer Rats
Lines # - Real PCT - Wanted PCT - Time Play
Normal Forward
1 - 35% - 40% - 16:02
2 - 24% - 30% - 11:12
3 - 24% - 20% - 11:01
4 - 17% - 10% - 8:04
Normal Defense
1 - 40% - 40% - 18:31
2 - 31% - 30% - 14:21
3 - 19% - 20% - 8:38
4 - 10% - 10% - 4:49
PP Forward
1 - 62% - 60% - 2:22
2 - 38% - 40% - 1:26
PP Defense
1 - 56% - 60% - 2:08
2 - 44% - 40% - 1:40
PK Forward
1 - 74% - 60% - 7:16
2 - 26% - 40% - 2:37
PK Defense
1 - 63% - 60% - 6:11
2 - 37% - 40% - 3:42
PK3 Forward
1 - 0% - 60%
2 - 0% - 40%
PK3 Defense
1 - 0% - 60%
2 - 0% - 40%
44 Forward
1 - 0% - 60%
2 - 0% - 40%
44 Defense
1 - 0% - 60%
2 - 0% - 40%
Last Minute Offensive - 0:00
Last Minute Defensive - 0:00
Total
Forward - 60:00
Defense - 60:00
|
Play by Play
1st period
0:01 of 1st period - Marek Zagrapan wins face-off versus Vincent Trocheck in neutral zone.
0:08 of 1st period - Snap shot by Bobby Butler.
0:08 of 1st period - Shot Misses the Net.
0:10 of 1st period - Slapshot by Doug Janik.
0:10 of 1st period - Shot Misses the Net.
0:12 of 1st period - Snap shot by Cameron Schilling.
0:12 of 1st period - Stopped by Richard Bachman without a rebound.
0:13 of 1st period - Corban Knight wins face-off versus Jonathan Marchessault in Sewer Rats zone.
0:39 of 1st period - Derek Dorsett is hit by Bobby Butler and loses puck.
1:06 of 1st period - Vincent Trocheck is hit by Nigel Dawes and loses puck.
1:19 of 1st period - Cameron Schilling is hit by Evan Brophey and loses puck.
1:34 of 1st period - Jonathan Marchessault is hit by Nigel Dawes and loses puck.
1:47 of 1st period - Wrist shot by David Laliberté.
1:47 of 1st period - Stopped by Richard Bachman with a rebound.
2:37 of 1st period - Snap shot by Vojtech Polak.
2:37 of 1st period - Shot Misses the Net.
2:49 of 1st period - Matt Lashoff is hit by Seth Helgeson and loses puck.
3:02 of 1st period - Snap shot by Jared Boll.
3:02 of 1st period - Shot Misses the Net.
3:16 of 1st period - Snap shot by Daniel Carr.
3:16 of 1st period - Stopped by Brent Krahn with a rebound.
4:16 of 1st period - Slapshot by Evan Brophey.
4:16 of 1st period - Stopped by Brent Krahn with a rebound.
5:23 of 1st period - Jonathan Marchessault is hit by Bobby Butler.
5:30 of 1st period - Icing by Doug Janik.
5:31 of 1st period - Vincent Trocheck wins face-off versus Alex Hutchings in Demolitions zone.
5:32 of 1st period - Snap shot by Ville Leino.
5:32 of 1st period - Stopped by Brent Krahn without a rebound.
5:33 of 1st period - Alex Hutchings wins face-off versus Vincent Trocheck in Demolitions zone.
5:52 of 1st period - Minor Penalty to Ville Leino for Slashing.
5:53 of 1st period - William Karlsson wins face-off versus Marek Zagrapan in Sewer Rats zone.
6:08 of 1st period - Bobby Butler is hit by William Karlsson and loses puck.
6:53 of 1st period - Seth Helgeson is hit by Jared Boll and loses puck.
7:52 of 1st period - Penalty to Ville Leino is over, Ville Leino is back on ice.
8:02 of 1st period - Snap shot by Billy Sweat.
8:02 of 1st period - Shot Blocked by Vincent Trocheck.
8:04 of 1st period - Wrist shot by David Laliberté.
8:04 of 1st period - Shot Misses the Net.
8:13 of 1st period - Steven Kampfer is hit by Robert Bortuzzo and loses puck.
8:20 of 1st period - Matt Lashoff is hit by Robert Bortuzzo and loses puck.
8:47 of 1st period - Wrist shot by Daniel Carr.
8:47 of 1st period - Shot Blocked by Bobby Butler.
9:06 of 1st period - Minor Penalty to Patrick Bordeleau for Tripping.
9:07 of 1st period - Corban Knight wins face-off versus Ville Leino in Sewer Rats zone.
9:08 of 1st period - Wrist shot by Matt D'Agostini.
9:08 of 1st period - Stopped by Richard Bachman without a rebound.
9:09 of 1st period - Corban Knight wins face-off versus Ville Leino in Sewer Rats zone.
9:14 of 1st period - Wrist shot by Matt D'Agostini.
9:14 of 1st period - Goal by Matt D'Agostini - Demolitions : 1 - Sewer Rats : 0.
9:15 of 1st period - Vincent Trocheck wins face-off versus Bobby Butler in neutral zone.
9:18 of 1st period - Ryan Vesce is hit by Vincent Trocheck and loses puck.
9:41 of 1st period - Mark Mancari is hit by Cameron Schilling and loses puck.
10:46 of 1st period - Slapshot by Josh Beaulieu.
10:46 of 1st period - Stopped by Richard Bachman with a rebound.
10:56 of 1st period - Nigel Dawes is hit by Jarred Tinordi and loses puck.
11:25 of 1st period - Marek Zagrapan is hit by Ville Leino and loses puck.
11:40 of 1st period - Mattias Ekholm is hit by Matt D'Agostini and loses puck.
11:55 of 1st period - Icing by Robert Bortuzzo.
11:56 of 1st period - Jonathan Marchessault wins face-off versus Marek Zagrapan in Demolitions zone.
12:24 of 1st period - Jared Boll is hit by Nigel Dawes.
12:46 of 1st period - Slapshot by Steven Kampfer.
12:46 of 1st period - Shot Blocked by Cameron Schilling.
13:46 of 1st period - Marek Zagrapan is hit by Mattias Ekholm and loses puck.
15:01 of 1st period - Wrist shot by Jared Boll.
15:01 of 1st period - Stopped by Brent Krahn with a rebound.
15:21 of 1st period - Matt D'Agostini is hit by Kyle Quincey and loses puck.
16:29 of 1st period - Snap shot by Matt D'Agostini.
16:29 of 1st period - Shot Blocked by Jarred Tinordi.
17:09 of 1st period - Slapshot by Kyle Quincey.
17:09 of 1st period - Stopped by Brent Krahn without a rebound.
17:10 of 1st period - Billy Sweat wins face-off versus William Karlsson in Demolitions zone.
17:34 of 1st period - Wrist shot by Jared Boll.
17:34 of 1st period - Stopped by Brent Krahn with a rebound.
17:36 of 1st period - Snap shot by Steven Kampfer.
17:36 of 1st period - Shot Blocked by Bobby Butler.
17:38 of 1st period - Snap shot by Vincent Trocheck.
17:38 of 1st period - Stopped by Brent Krahn without a rebound.
17:39 of 1st period - Vincent Trocheck wins face-off versus Marek Zagrapan in Demolitions zone.
17:40 of 1st period - Slapshot by Ville Leino.
17:40 of 1st period - Stopped by Brent Krahn without a rebound.
17:41 of 1st period - Vincent Trocheck wins face-off versus Corban Knight in Demolitions zone.
17:44 of 1st period - Snap shot by Ville Leino.
17:44 of 1st period - Goal by Ville Leino - Demolitions : 1 - Sewer Rats : 1.
17:45 of 1st period - Vincent Trocheck wins face-off versus Marek Zagrapan in neutral zone.
17:55 of 1st period - Icing by Doug Janik.
17:56 of 1st period - Vincent Trocheck wins face-off versus Marek Zagrapan in Demolitions zone.
18:21 of 1st period - Cameron Schilling is hit by Jonathan Marchessault and loses puck.
18:43 of 1st period - Wrist shot by Daniel Carr.
18:43 of 1st period - Goal by Daniel Carr - Demolitions : 1 - Sewer Rats : 2.
18:44 of 1st period - Marek Zagrapan wins face-off versus Vincent Trocheck in neutral zone.
18:52 of 1st period - Snap shot by Ville Leino.
18:52 of 1st period - Shot Blocked by Doug Janik.
18:54 of 1st period - Wrist shot by Vincent Trocheck.
18:54 of 1st period - Stopped by Brent Krahn without a rebound.
18:55 of 1st period - Bobby Butler wins face-off versus Vincent Trocheck in Demolitions zone.
19:02 of 1st period - Wrist shot by Ryan Vesce.
19:02 of 1st period - Shot Blocked by Jared Boll.
19:52 of 1st period - Slapshot by Billy Sweat.
19:52 of 1st period - Stopped by Richard Bachman without a rebound.
19:53 of 1st period - Bobby Butler wins face-off versus Vincent Trocheck in Sewer Rats zone.
Goals for this period are 1 for Demolitions vs 2 for Sewer Rats.
Shots for this period are 6 for Demolitions vs 11 for Sewer Rats.
2nd period
0:01 of 2nd period - Jared Boll wins face-off versus Marek Zagrapan in neutral zone.
0:38 of 2nd period - Wrist shot by Marek Zagrapan.
0:38 of 2nd period - Stopped by Richard Bachman with a rebound.
0:40 of 2nd period - Slapshot by Cameron Schilling.
0:40 of 2nd period - Stopped by Richard Bachman with a rebound.
0:58 of 2nd period - Snap shot by Mark Mancari.
0:58 of 2nd period - Deflect By Vojtech Polak.
0:58 of 2nd period - Shot Blocked by Matt D'Agostini.
0:58 of 2nd period - Puck is out of play.
0:59 of 2nd period - Corban Knight wins face-off versus Jared Boll in Demolitions zone.
1:52 of 2nd period - Snap shot by Ville Leino.
1:52 of 2nd period - Stopped by Brent Krahn without a rebound.
1:53 of 2nd period - Jonathan Marchessault wins face-off versus Marek Zagrapan in Demolitions zone.
2:25 of 2nd period - Slapshot by Steven Kampfer.
2:25 of 2nd period - Shot Blocked by Cameron Schilling.
2:45 of 2nd period - Slapshot by Dmitrij Jaskin.
2:45 of 2nd period - Shot Misses the Net.
3:16 of 2nd period - Wrist shot by Patrick Bordeleau.
3:16 of 2nd period - Shot Misses the Net.
3:21 of 2nd period - Icing by Billy Sweat.
3:22 of 2nd period - Alex Hutchings wins face-off versus Vincent Trocheck in Demolitions zone.
3:26 of 2nd period - Icing by Billy Sweat.
3:27 of 2nd period - Vincent Trocheck wins face-off versus Alex Hutchings in Demolitions zone.
3:29 of 2nd period - Minor Penalty to Vincent Trocheck for Roughing.
3:30 of 2nd period - Marek Zagrapan wins face-off versus Ville Leino in Sewer Rats zone.
4:04 of 2nd period - Wrist shot by Vojtech Polak.
4:04 of 2nd period - Shot Misses the Net.
4:50 of 2nd period - Wrist shot by Matt D'Agostini.
4:50 of 2nd period - Shot Blocked by Mattias Ekholm.
4:52 of 2nd period - Slapshot by Nigel Dawes.
4:52 of 2nd period - Stopped by Richard Bachman without a rebound.
4:53 of 2nd period - Marek Zagrapan wins face-off versus Jared Boll in Sewer Rats zone.
5:00 of 2nd period - Snap shot by Ryan Vesce.
5:00 of 2nd period - Stopped by Richard Bachman with a rebound.
5:02 of 2nd period - Snap shot by Bobby Butler.
5:02 of 2nd period - Demolitions goal is going for a video replay.
5:02 of 2nd period - The goal is good.
5:02 of 2nd period - Goal by Bobby Butler - Demolitions : 2 - Sewer Rats : 2.
5:03 of 2nd period - Marek Zagrapan wins face-off versus William Karlsson in neutral zone.
5:14 of 2nd period - Snap shot by Marek Zagrapan.
5:14 of 2nd period - Deflect By Ryan Vesce.
5:14 of 2nd period - Shot Blocked by Mattias Ekholm.
5:14 of 2nd period - Puck is out of play.
5:15 of 2nd period - Marek Zagrapan wins face-off versus Vincent Trocheck in Sewer Rats zone.
5:22 of 2nd period - Wrist shot by Ryan Vesce.
5:22 of 2nd period - Stopped by Richard Bachman without a rebound.
5:23 of 2nd period - Vincent Trocheck wins face-off versus Marek Zagrapan in Sewer Rats zone.
5:23 of 2nd period - Vincent Trocheck is hit by Bobby Butler.
6:05 of 2nd period - Snap shot by Bobby Butler.
6:05 of 2nd period - Deflect By Marek Zagrapan.
6:05 of 2nd period - Shot Misses the Net.
6:05 of 2nd period - Puck is out of play.
6:06 of 2nd period - Corban Knight wins face-off versus Jonathan Marchessault in Sewer Rats zone.
7:12 of 2nd period - Steven Kampfer is hit by Robert Bortuzzo.
7:36 of 2nd period - Wrist shot by Ryan Vesce.
7:36 of 2nd period - Shot Blocked by Matt Lashoff.
7:57 of 2nd period - Snap shot by Patrick Bordeleau.
7:57 of 2nd period - Deflect By Derek Dorsett.
7:57 of 2nd period - Stopped by Brent Krahn with a rebound.
8:12 of 2nd period - Icing by Mattias Ekholm.
8:13 of 2nd period - Vincent Trocheck wins face-off versus Corban Knight in Sewer Rats zone.
8:25 of 2nd period - Icing by Cameron Schilling.
8:26 of 2nd period - Corban Knight wins face-off versus Vincent Trocheck in Demolitions zone.
8:26 of 2nd period - Corban Knight is hit by Jared Boll.
8:40 of 2nd period - Ryan Vesce is hit by Mark Mancari and loses puck.
8:59 of 2nd period - Minor Penalty to Cameron Schilling for Tripping.
9:00 of 2nd period - Bobby Butler wins face-off versus Vincent Trocheck in Demolitions zone.
9:54 of 2nd period - Icing by Mark Mancari.
9:55 of 2nd period - Billy Sweat wins face-off versus Vincent Trocheck in Sewer Rats zone.
10:09 of 2nd period - Off-side.
10:10 of 2nd period - Jonathan Marchessault wins face-off versus Bobby Butler in neutral zone.
10:15 of 2nd period - Snap shot by Jared Boll.
10:15 of 2nd period - Goal by Jared Boll - Demolitions : 2 - Sewer Rats : 3.
10:16 of 2nd period - Marek Zagrapan wins face-off versus Vincent Trocheck in neutral zone.
10:44 of 2nd period - Matt D'Agostini is hit by Jonathan Marchessault.
10:48 of 2nd period - Mark Mancari is hit by Cameron Schilling and loses puck.
11:05 of 2nd period - Snap shot by Derek Dorsett.
11:05 of 2nd period - Stopped by Brent Krahn with a rebound.
11:18 of 2nd period - Minor Penalty to Seth Helgeson for Roughing.
11:19 of 2nd period - Vincent Trocheck wins face-off versus Bobby Butler in Demolitions zone.
11:21 of 2nd period - Slapshot by Ville Leino.
11:21 of 2nd period - Stopped by Brent Krahn with a rebound.
11:23 of 2nd period - Slapshot by Matt Lashoff.
11:23 of 2nd period - Goal by Matt Lashoff - Demolitions : 2 - Sewer Rats : 4.
11:23 of 2nd period - Joe Cannata enters game.
11:24 of 2nd period - Marek Zagrapan wins face-off versus Vincent Trocheck in neutral zone.
11:35 of 2nd period - Wrist shot by Jared Boll.
11:35 of 2nd period - Shot Misses the Net.
11:59 of 2nd period - Slapshot by Steven Kampfer.
11:59 of 2nd period - Shot Misses the Net.
12:01 of 2nd period - Wrist shot by William Karlsson.
12:01 of 2nd period - Stopped by Joe Cannata without a rebound.
12:02 of 2nd period - Matt D'Agostini wins face-off versus Vincent Trocheck in Demolitions zone.
12:17 of 2nd period - Slapshot by Doug Janik.
12:17 of 2nd period - Deflect By Matt D'Agostini.
12:17 of 2nd period - Stopped by Richard Bachman with a rebound.
12:29 of 2nd period - Cameron Schilling is hit by Jonathan Marchessault.
12:51 of 2nd period - Snap shot by Derek Dorsett.
12:51 of 2nd period - Stopped by Joe Cannata without a rebound.
12:52 of 2nd period - William Karlsson wins face-off versus Corban Knight in Demolitions zone.
12:55 of 2nd period - Slapshot by Matt Lashoff.
12:55 of 2nd period - Deflect By Nigel Dawes.
12:55 of 2nd period - Stopped by Joe Cannata without a rebound.
12:56 of 2nd period - Corban Knight wins face-off versus Vincent Trocheck in Demolitions zone.
13:57 of 2nd period - Matt D'Agostini is hit by Mattias Ekholm and loses puck.
14:20 of 2nd period - Wrist shot by Marek Zagrapan.
14:20 of 2nd period - Stopped by Richard Bachman without a rebound.
14:21 of 2nd period - Marek Zagrapan wins face-off versus Vincent Trocheck in Sewer Rats zone.
14:26 of 2nd period - Snap shot by Ryan Vesce.
14:26 of 2nd period - Stopped by Richard Bachman without a rebound.
14:27 of 2nd period - Corban Knight wins face-off versus Vincent Trocheck in Sewer Rats zone.
14:35 of 2nd period - Minor Penalty to Vincent Trocheck for Goalie Interference.
14:36 of 2nd period - Marek Zagrapan wins face-off versus Ville Leino in Sewer Rats zone.
16:35 of 2nd period - Penalty to Vincent Trocheck is over, Vincent Trocheck is back on ice.
16:44 of 2nd period - Slapshot by Derek Dorsett.
16:44 of 2nd period - Goal by Derek Dorsett - Demolitions : 2 - Sewer Rats : 5.
16:45 of 2nd period - Marek Zagrapan wins face-off versus William Karlsson in neutral zone.
16:47 of 2nd period - Off-side.
16:48 of 2nd period - Marek Zagrapan wins face-off versus William Karlsson in neutral zone.
16:55 of 2nd period - Slapshot by Derek Dorsett.
16:55 of 2nd period - Shot Misses the Net.
18:05 of 2nd period - Snap shot by Evan Brophey.
18:05 of 2nd period - Stopped by Joe Cannata with a rebound.
18:38 of 2nd period - Off-side.
18:39 of 2nd period - Jonathan Marchessault wins face-off versus Alex Hutchings in neutral zone.
18:52 of 2nd period - Wrist shot by Billy Sweat.
18:52 of 2nd period - Stopped by Richard Bachman with a rebound.
18:54 of 2nd period - Snap shot by Alex Hutchings.
18:54 of 2nd period - Stopped by Richard Bachman without a rebound.
18:55 of 2nd period - Marek Zagrapan wins face-off versus Vincent Trocheck in Sewer Rats zone.
19:00 of 2nd period - Wrist shot by Ryan Vesce.
19:00 of 2nd period - Stopped by Richard Bachman with a rebound.
19:04 of 2nd period - Slapshot by Bobby Butler.
19:04 of 2nd period - Shot Misses the Net.
19:06 of 2nd period - Slapshot by Cameron Schilling.
19:06 of 2nd period - Deflect By Ville Leino.
19:06 of 2nd period - Stopped by Richard Bachman with a rebound.
19:08 of 2nd period - Snap shot by Bobby Butler.
19:08 of 2nd period - Stopped by Richard Bachman with a rebound.
19:16 of 2nd period - Minor Penalty to Mattias Ekholm for Tripping.
19:17 of 2nd period - Marek Zagrapan wins face-off versus Ville Leino in Sewer Rats zone.
19:20 of 2nd period - Snap shot by Bobby Butler.
19:20 of 2nd period - Shot Blocked by Mark Mancari.
19:22 of 2nd period - Slapshot by Doug Janik.
19:22 of 2nd period - Stopped by Richard Bachman with a rebound.
19:24 of 2nd period - Slapshot by Bobby Butler.
19:24 of 2nd period - Shot Blocked by Steven Kampfer.
19:26 of 2nd period - Snap shot by Ryan Vesce.
19:26 of 2nd period - Stopped by Richard Bachman without a rebound.
19:27 of 2nd period - Marek Zagrapan wins face-off versus Ville Leino in Sewer Rats zone.
19:38 of 2nd period - Snap shot by Mark Mancari.
19:38 of 2nd period - Stopped by Joe Cannata with a rebound.
Goals for this period are 1 for Demolitions vs 3 for Sewer Rats.
Shots for this period are 16 for Demolitions vs 12 for Sewer Rats.
3rd period
0:01 of 3rd period - Bobby Butler wins face-off versus Ville Leino in neutral zone.
0:10 of 3rd period - Slapshot by Cameron Schilling.
0:10 of 3rd period - Shot Blocked by Matt Lashoff.
0:26 of 3rd period - Jared Boll is hit by Corban Knight and loses puck.
0:35 of 3rd period - Snap shot by Nigel Dawes.
0:35 of 3rd period - Goal by Nigel Dawes - Demolitions : 3 - Sewer Rats : 5.
0:36 of 3rd period - Marek Zagrapan wins face-off versus Vincent Trocheck in neutral zone.
0:36 of 3rd period - Minor Penalty to Marek Zagrapan for Tripping.
0:37 of 3rd period - Vincent Trocheck wins face-off versus Bobby Butler in Demolitions zone.
0:42 of 3rd period - Wrist shot by Mark Mancari.
0:42 of 3rd period - Deflect By Ville Leino.
0:42 of 3rd period - Shot Blocked by Doug Janik.
0:42 of 3rd period - Puck is out of play.
0:43 of 3rd period - Bobby Butler wins face-off versus Mark Mancari in Demolitions zone.
0:53 of 3rd period - Minor Penalty to Cameron Schilling for Slashing.
0:54 of 3rd period - Vincent Trocheck wins face-off versus Bobby Butler in Demolitions zone.
1:06 of 3rd period - Snap shot by Ville Leino.
1:06 of 3rd period - Shot Misses the Net.
1:32 of 3rd period - Wrist shot by Vojtech Polak.
1:32 of 3rd period - Shot Blocked by Seth Helgeson.
1:34 of 3rd period - Snap shot by Vojtech Polak.
1:34 of 3rd period - Shot Blocked by Seth Helgeson.
1:58 of 3rd period - Billy Sweat is hit by Jared Boll.
2:26 of 3rd period - Matt Lashoff is hit by David Rundblad.
2:36 of 3rd period - Penalty to Marek Zagrapan is over, Marek Zagrapan is back on ice.
2:42 of 3rd period - Snap shot by David Rundblad.
2:42 of 3rd period - Shot Blocked by Kyle Quincey.
2:53 of 3rd period - Penalty to Cameron Schilling is over, Cameron Schilling is back on ice.
3:14 of 3rd period - Slapshot by Kyle Quincey.
3:14 of 3rd period - Shot Misses the Net.
3:20 of 3rd period - Daniel Carr is hit by Andrew Campbell.
3:23 of 3rd period - Off-side.
3:24 of 3rd period - William Karlsson wins face-off versus Marek Zagrapan in neutral zone.
3:39 of 3rd period - Marek Zagrapan is hit by Steven Kampfer and loses puck.
3:57 of 3rd period - Snap shot by Matt D'Agostini.
3:57 of 3rd period - Deflect By Corban Knight.
3:57 of 3rd period - Shot Misses the Net.
3:57 of 3rd period - Puck is out of play.
3:58 of 3rd period - Vincent Trocheck wins face-off versus Corban Knight in Sewer Rats zone.
4:23 of 3rd period - Bobby Butler is hit by Vojtech Polak and loses puck.
5:55 of 3rd period - Snap shot by Billy Sweat.
5:55 of 3rd period - Stopped by Richard Bachman without a rebound.
5:56 of 3rd period - Alex Hutchings wins face-off versus Vincent Trocheck in Sewer Rats zone.
6:10 of 3rd period - David Rundblad is hit by Steven Kampfer and loses puck.
6:30 of 3rd period - Minor Penalty to John Ramage for Tripping.
6:31 of 3rd period - Ville Leino wins face-off versus Marek Zagrapan in Sewer Rats zone.
6:41 of 3rd period - Snap shot by Mark Mancari.
6:41 of 3rd period - Stopped by Joe Cannata without a rebound.
6:42 of 3rd period - Marek Zagrapan wins face-off versus Mark Mancari in Demolitions zone.
8:30 of 3rd period - Penalty to John Ramage is over, John Ramage is back on ice.
10:19 of 3rd period - Slapshot by Kyle Quincey.
10:19 of 3rd period - Deflect By Daniel Carr.
10:19 of 3rd period - Shot Misses the Net.
10:19 of 3rd period - Puck is out of play.
10:20 of 3rd period - Evan Brophey wins face-off versus Nigel Dawes in Demolitions zone.
10:49 of 3rd period - Nigel Dawes is hit by Jonathan Marchessault and loses puck.
10:54 of 3rd period - Snap shot by Mark Mancari.
10:54 of 3rd period - Shot Misses the Net.
10:56 of 3rd period - Wrist shot by Steven Kampfer.
10:56 of 3rd period - Stopped by Joe Cannata without a rebound.
10:57 of 3rd period - Vincent Trocheck wins face-off versus Marek Zagrapan in Demolitions zone.
11:14 of 3rd period - Minor Penalty to Seth Helgeson for Roughing.
11:15 of 3rd period - Bobby Butler wins face-off versus Vincent Trocheck in Demolitions zone.
11:19 of 3rd period - Snap shot by Cameron Schilling.
11:19 of 3rd period - Shot Misses the Net.
11:25 of 3rd period - Snap shot by Ville Leino.
11:25 of 3rd period - Goal by Ville Leino - Demolitions : 3 - Sewer Rats : 6.
11:26 of 3rd period - Jared Boll wins face-off versus Marek Zagrapan in neutral zone.
11:29 of 3rd period - Slapshot by Matt Lashoff.
11:29 of 3rd period - Stopped by Joe Cannata with a rebound.
11:37 of 3rd period - Snap shot by Ryan Vesce.
11:37 of 3rd period - Shot Misses the Net.
11:39 of 3rd period - Snap shot by Marek Zagrapan.
11:39 of 3rd period - Shot Misses the Net.
12:55 of 3rd period - David Rundblad is hit by Vincent Trocheck and loses puck.
13:14 of 3rd period - Matt D'Agostini is hit by Vojtech Polak and loses puck.
13:23 of 3rd period - Snap shot by Mark Mancari.
13:23 of 3rd period - Stopped by Joe Cannata with a rebound.
13:42 of 3rd period - Nigel Dawes is hit by William Karlsson and loses puck.
15:17 of 3rd period - Slapshot by Jonathan Marchessault.
15:17 of 3rd period - Stopped by Joe Cannata with a rebound.
15:19 of 3rd period - Wrist shot by Jonathan Marchessault.
15:19 of 3rd period - Goal by Jonathan Marchessault - Demolitions : 3 - Sewer Rats : 7.
15:20 of 3rd period - Marek Zagrapan wins face-off versus Vincent Trocheck in neutral zone.
15:23 of 3rd period - Slapshot by Cameron Schilling.
15:23 of 3rd period - Stopped by Richard Bachman with a rebound.
16:10 of 3rd period - David Rundblad is hit by Patrick Bordeleau and loses puck.
16:56 of 3rd period - Bobby Butler is hit by Steven Kampfer.
17:00 of 3rd period - Doug Janik is hit by Vojtech Polak and loses puck.
17:52 of 3rd period - Backhand shot by Daniel Carr.
17:52 of 3rd period - Deflect By Evan Brophey.
17:52 of 3rd period - Deflect By Billy Sweat.
17:52 of 3rd period - Shot Misses the Net.
17:52 of 3rd period - Puck is out of play.
17:53 of 3rd period - Vincent Trocheck wins face-off versus Bobby Butler in Demolitions zone.
18:00 of 3rd period - Snap shot by Ville Leino.
18:00 of 3rd period - Stopped by Joe Cannata without a rebound.
18:01 of 3rd period - Vincent Trocheck wins face-off versus Corban Knight in Demolitions zone.
18:04 of 3rd period - Snap shot by Jared Boll.
18:04 of 3rd period - Shot Blocked by Cameron Schilling.
18:28 of 3rd period - Slapshot by Ryan Vesce.
18:28 of 3rd period - Shot Misses the Net.
18:30 of 3rd period - Wrist shot by Bobby Butler.
18:30 of 3rd period - Shot Misses the Net.
18:32 of 3rd period - Snap shot by Marek Zagrapan.
18:32 of 3rd period - Shot Blocked by Mattias Ekholm.
19:03 of 3rd period - Minor Penalty to Patrick Bordeleau for Hooking.
19:04 of 3rd period - Bobby Butler wins face-off versus Ville Leino in Sewer Rats zone.
19:30 of 3rd period - Matt Lashoff is hit by Corban Knight and loses puck.
19:35 of 3rd period - Wrist shot by Matt D'Agostini.
19:35 of 3rd period - Shot Blocked by Ville Leino.
19:37 of 3rd period - Slapshot by Seth Helgeson.
19:37 of 3rd period - Deflect By Matt D'Agostini.
19:37 of 3rd period - Shot Misses the Net.
19:37 of 3rd period - Puck is out of play.
19:38 of 3rd period - Ville Leino wins face-off versus Marek Zagrapan in Sewer Rats zone.
19:51 of 3rd period - Snap shot by Nigel Dawes.
19:51 of 3rd period - Shot Misses the Net.
19:53 of 3rd period - Wrist shot by Nigel Dawes.
19:53 of 3rd period - Stopped by Richard Bachman without a rebound.
19:54 of 3rd period - Corban Knight wins face-off versus Ville Leino in Sewer Rats zone.
Goals for this period are 1 for Demolitions vs 2 for Sewer Rats.
Shots for this period are 4 for Demolitions vs 8 for Sewer Rats.
Back to the Top